AoeStats
← VeloxLux

Marketplace

504226555Analyzed
1v1 RM · 29d ago on Sep 4, 2026· 28m 9s· 2 players
Game mode
Random Map
Map size
Tiny (2 player)
Population
200
Speed
Normal
Resources
Standard
Victory
Conquest
Starting age
Dark Age
Ending age
Imperial Age
RankedLock teamsTeams togetherTeam positionsShared explorationLock speedFull tech treeHidden civsTurbo modeCheats
Victory
Defeat
🇫🇷 Japanese · France
774
+16
🇪🇸 Poles · Spain
776
-37
milou
11:07 Feudal Age
14:41 Double-Bit Axe
14:40 Horse Collar
21:40 Castle Age
24:10 Bow Saw
VeloxLux
11:32 Feudal Age
13:00 Wheelbarrow
13:10 Double-Bit Axe
15:45 Horse Collar
26:58 Man-at-Arms
Connection lost

Rejoining the realm…

Still unreachable

The connection could not be restored.

Session expired

The server has moved on; the page needs a fresh start.